 Dungeon Crawl Stone Soup version 0.29.1-12-g30fa7ad0bf (webtiles) character file.

Game seed: 13317118774042452625

317 KittyFluff the Covered (level 6, -1/58 HPs)
             Began as a Gargoyle Berserker on Jan 12, 2023.
             Was a Believer of Trog.
             Slain by a bullfrog (3 damage)
             ... in a sewer.
             The game lasted 00:11:49 (2736 turns).

KittyFluff the Covered (Gargoyle Berserker)         Turns: 2736, Time: 00:11:52

Health: -1/58      AC:  9    Str: 20    XL:     6   Next: 44%
Magic:  6/6        EV:  9    Int:  8    God:    Trog [**....]
Gold:   179        SH:  0    Dex: 11    Spells: 5/5 levels left

rFire   . . .      SeeInvis .   a - +0 mace
rCold   . . .      Faith    .   (no shield)
rNeg    + . .      Spirit   .   t - +0 troll leather armour {Pargi}
rPois   ∞          Reflect  .   (no helmet)
rElec   +          Harm     .   (no cloak)
rCorr   .          Rampage  .   (no gloves)
Will    .....                   (no boots)
Stlth   ..........              (no amulet)
HPRegen 0.99/turn               (no ring)
MPRegen 0.10/turn               (no ring)

@: berserking, constricted, quick
A: sickness immunity, AC +4, negative energy resistance 1, electricity
resistance, torment resistance 1, petrification resistance
a: Renounce Religion, Berserk, Trog's Hand


You were in a sewer.
You worshipped Trog.
Trog was pleased with you.
You visited 1 branch of the dungeon, and saw 3 of its levels.
You also visited: Sewer.

You collected 179 gold pieces.

Inventory:

Hand Weapons
 a - a +0 mace (weapon)
Missiles
 e - 18 stones (quivered)
Armour
 t - a +0 troll leather armour (worn) {Pargi}
 v - a +0 chain mail
Jewellery
 n - an amulet of faith
 r - a ring of ice
Scrolls
 c - 3 scrolls of identify {unknown}
 h - 2 scrolls of immolation {unknown}
 i - a scroll of acquirement {unknown}
 j - 2 scrolls of brand weapon {unknown}
 m - a scroll of poison {unknown}
 q - a scroll of vulnerability {unknown}
 s - a scroll of teleportation {unknown}
 u - a scroll of summoning {unknown}
 w - a scroll of enchant armour {unknown}
Potions
 b - 2 potions of attraction {unknown}
 d - 5 potions of curing {unknown}
 f - a potion of lignification {unknown}
 g - 4 potions of mutation {unknown}
 k - 2 potions of degeneration {unknown}
 l - a potion of resistance {unknown}
 o - 2 potions of might {unknown}
 p - a potion of cancellation {unknown}


   Skills:
 + Level 4.5 Fighting
 + Level 4.1 Maces & Flails
 * Level 4.8 Armour
 + Level 2.7 Dodging


You had 5 spell levels left.
You didn't know any spells.
Your spell library was empty.

Dungeon Overview and Level Annotations

Branches:
Dungeon (3/15)              Sewer (1/1)

Altars:


Innate Abilities, Weirdness & Mutations

You are immune to sickness and miasma.
Your stone body is resilient. (AC +4)
You are immune to poison.
You resist negative energy. (rN+)
You are resistant to electric shocks. (rElec)
You are resistant to unholy torment.
You are immune to petrification.


Message History

The bullfrog is moderately wounded.
The bullfrog hits you but does no damage.
The bullfrog hits you. x3
* * * LOW HITPOINT WARNING * * *
A red film seems to cover your vision as you go berserk!
You feel yourself moving faster!
You feel mighty! The bullfrog hits you.
* * * LOW HITPOINT WARNING * * *
The bullfrog hits you.
* * * LOW HITPOINT WARNING * * *
The bullfrog hits you.
* * * LOW HITPOINT WARNING * * *
You barely miss the bullfrog.
The bullfrog is moderately wounded.
The bullfrog hits you.
* * * LOW HITPOINT WARNING * * *
The bullfrog barely misses you.
The ball python bites you but does no damage.
The ball python misses you.
You barely miss the bullfrog.
The bullfrog is moderately wounded.
The bullfrog hits you but does no damage.
The bullfrog hits you.
* * * LOW HITPOINT WARNING * * *
The ball python closely misses you. x2
You hit the bullfrog.
The bullfrog is severely wounded.
The bullfrog snags a nearby moth with its tongue.
The bullfrog closely misses you.
The bullfrog hits you but does no damage.
The ball python barely misses you. The ball python misses you.
The bullfrog hits you.
* * * LOW HITPOINT WARNING * * *
You miss the bullfrog.
The bullfrog is heavily wounded.
The bullfrog hits you but does no damage.
The bullfrog closely misses you.
The ball python bites you but does no damage.
The ball python grabs you. The ball python constricts you.
The bullfrog hits you.
You die...

≈~~~≈#
#≈~~~≈≈#
≈~~~~#
#≈~~≈~≈#
≈≈≈≈~#
#≈~~~≈≈#
≈~≈†~#
#≈≈≈~~≈#
.††.≈#
#≈≈~~≈≈#
....≈#
#≈≈~≈~~#
....≈#
#≈≈≈~.≈#
~≈~≈≈#
#≈≈≈S.≈#
≈≈≈≈≈#
#≈≈~#@≈#
~~≈≈≈#
#≈≈≈F#F#
~~~~≈#
#≈~~~~≈#
≈≈~~~#
#≈≈~~≈≈#
≈≈~~≈#
#~≈~≈≈≈#
≈≈≈~~#
#≈~#~≈~#
....##
#......#
.....#
#......#
....##
#......#


You could see 2 bullfrogs and a ball python.

Vanquished Creatures
  Pargi (D:3)
  A necrophage (D:3)
  An iguana (D:3)
  4 adders
  3 river rats (Sewer)
  2 dart slugs (D:1)
  15 ball pythons
  3 bats (D:1)
  5 endoplasms (D:2)
  4 giant cockroaches
  2 goblins
  5 hobgoblins
  2 quokkas
  5 frilled lizards
  A kobold (D:3)
  25 rats
79 creatures vanquished.

Notes
Turn   | Place    | Note
-------+----------+-------------------------------------------
     0 | D:1      | KittyFluff the Gargoyle Berserker began the quest for the
                  | Orb.
     0 | D:1      | Reached XP level 1. HP: 14/14 MP: 1/1
   405 | D:1      | Reached XP level 2. HP: 19/19 MP: 2/2
   523 | D:1      | You fall into a shaft and drop 1 floor!
   738 | D:1      | Reached XP level 3. HP: 20/23 MP: 3/3
  1389 | D:2      | Reached ** piety under Trog
  1807 | D:2      | Reached XP level 4. HP: 29/29 MP: 4/4
  2049 | D:3      | Noticed Pargi
  2050 | D:3      | Noticed a necrophage
  2063 | D:3      | Killed Pargi
  2064 | D:3      | Reached XP level 5. HP: 31/33 MP: 5/5
  2070 | D:3      | Reached XP level 6. HP: 36/39 MP: 6/6
  2090 | D:3      | Found a glowing drain.
  2173 | Sewer    | Entered a sewer
  2728 | Sewer    | Reached *** piety under Trog
  2735 | Sewer    | HP: 2/58 [bullfrog (6)]
  2736 | Sewer    | Slain by a bullfrog

Illustrated notes

Levels and vault maps discovered:
D:1:      sevenhm_arrival_forest_fort_small_3, layout_basic
D:2:      layout_loops_cross, nicolae_eternal_life
D:3:      layout_basic, cheibrodos_sewer_entry_drain, uniq_ijyb, uniq_pargi
Sewer:    sewer_minmay_w

Skill      XL: |  1  2  3  4  5  6 |
---------------+-------------------+-----
Armour         | 3 4 |  4.8
Dodging        | 2 |  2.7
Fighting       | 4 |  4.5
Maces & Flails | 4 |  4.1

Action                   |  1- 3 |  4- 6 || total
-------------------------+-------+-------++-------
Melee: Mace              |    99 |   179 ||   278
       Punch             |     1 |       ||     1
Invok: Berserk           |       |     3 ||     3
 Stab: Sleeping          |     1 |       ||     1
Armor: Animal skin       |    29 |       ||    29
       Leather armour    |    10 |    12 ||    22
       Troll leather arm |       |   123 ||   123
Dodge: Dodged            |    68 |   230 ||   298
